 Dungeon Crawl Stone Soup version 0.27-a0-1105-g946c659c87 (webtiles) character file.

Game seed: 15937750048535840212

19 spiderkeys the Sneak (level 2, 0/28 HPs)
             Began as a Naga Monk on Apr 30, 2021.
             Succumbed to an adder's poison
             ... on level 2 of the Dungeon.
             The game lasted 00:00:50 (329 turns).

spiderkeys the Sneak (Naga Monk)                     Turns: 329, Time: 00:00:50

Health: 0/28       AC:  1    Str: 13    XL:     2   Next: 75%
Magic:  2/2        EV: 10    Int: 10    God:
Gold:   0          SH:  0    Dex: 13    Spells: 1/1 levels left

rFire    . . .     SeeInvis +     - Unarmed
rCold    . . .     Faith    .   (no shield)
rNeg     . . .     Spirit   .   a - +0 robe
rPois    +         Reflect  .   (no helmet)
rElec    .         Harm     .   (no cloak)
rCorr    .         Rampage  .   (no gloves)
Will     .....                  (no barding)
Stlth    ++........             (no amulet)
HPRegen  0.09/turn              (no ring)
MPRegen  0.08/turn              (no ring)

@: mighty, lethally poisoned (0 -> -1), very slow
A: AC +0, large, see invisible, deformed body, poison resistance, slowness 2,
spit poison 1, naga tail 1
a: Spit Poison


You were on level 2 of the Dungeon.
You visited 1 branch of the dungeon, and saw 2 of its levels.


Innate Abilities, Weirdness & Mutations

Your serpentine skin is tough. (AC +0)
You have supernaturally acute eyesight. (SInv)
Armour fits poorly on your strangely shaped body.
Your system is resistant to poisons. (rPois)
You cover ground very slowly.
You can spit poison.
You have a snake-like lower body.


   Skills:
 + Level 3.2 Fighting
 + Level 2.6 Dodging
 + Level 3.6 Stealth
 + Level 3.2 Unarmed Combat


You had one spell level left.
You didn't know any spells.
Your spell library was empty.

Inventory:

Missiles
 b - 20 stones
Armour
 a - a +0 robe (worn)
Scrolls
 d - a scroll of fear {unknown}
 e - a scroll of blinking {unknown}

Dungeon Overview and Level Annotations

Branches:
Dungeon (1/15)

Altars:

### .. #.# #..
#. #..########
##.# #.........
..... #.@)......
.....##.........
...............?
..............!.
.......#...####.
###.....###
##.....# ##...##
#...#


There were no monsters in sight!


Message History

You have reached level 2! 😕 HP[+6] MP[+1]
You now have 28 max hp (+7).
You regained 6 hp, and now have 22/28 hp.
Your mp is fully restored (2).
A rat comes into view.
You see here a +0 club. 😎 HP[+6]
Your hp is fully restored (28).
A rat is nearby!
The rat bites you. 😕 HP[-2]
You take 2 damage, and now have 26/28 hp.
You hit the rat.
You kill the rat!
No target in view!
No target in view!
A rat and a hobgoblin come into view. 😎 HP[+2]
Your hp is fully restored (28).
The hobgoblin shouts!
The hobgoblin closely misses you.
You hit the hobgoblin. You hit the hobgoblin but do no damage.
The hobgoblin closely misses you. The rat closely misses you.
You hit the hobgoblin but do no damage. The hobgoblin barely misses you.
The rat closely misses you.
You hit the hobgoblin but do no damage. The hobgoblin barely misses you.
The rat closely misses you.
You hit the hobgoblin.
You kill the hobgoblin!
The rat bites you. 😕 HP[-2]
You take 2 damage, and now have 26/28 hp.
You closely miss the rat. The rat barely misses you.
You hit the rat. The rat barely misses you.
You hit the rat.
You kill the rat!
No target in view!
e - a scroll labelled QAGYRR XESIACELI 😎 HP[+2]
Your hp is fully restored (28).
You fall into a shaft and drop 1 floor!
The shaft crumbles and collapses.
An adder and a kobold come into view.
There are monsters nearby!
The adder hisses angrily.
The kobold shouts!
The adder closely misses you.
The kobold hits you with a +0 club. 😕 HP[-1]
You take 1 damage, and now have 27/28 hp.
You miss the adder. The adder bites you.
The kobold hits you with a +0 club. 😕 HP[-5]
You take 5 damage, and now have 22/28 hp.
You barely miss the adder. The adder barely misses you.
The kobold barely misses you. The adder bites you. 😮 HP[-3]
You take 3 damage, and now have 19/28 hp.
You are too injured to fight recklessly!
You are too injured to fight recklessly!
You are too injured to fight recklessly!
You are too injured to fight recklessly!
You are too injured to fight recklessly!
You hit the adder. The kobold completely misses you.
The adder completely misses you.
You closely miss the adder. The adder bites you.
The kobold barely misses you. 😮 HP[-1]
You take 1 damage, and now have 18/28 hp.
You barely miss the adder. The adder bites you.
* * * LOW HITPOINT WARNING * * *
The kobold hits you with a +0 club.
* * * LOW HITPOINT WARNING * * *
😨 HP[-6]
You take 6 damage, and now have 12/28 hp.
MASSIVE DAMAGE!! (PAUSE)
You completely miss the adder. The adder bites you.
* * * LOW HITPOINT WARNING * * *
You are poisoned.
The adder poisons you! The kobold closely misses you. 😨 HP[-2]
You take 2 damage, and now have 10/28 hp.
You hit the adder.
You kill the adder!
You feel sick. The kobold closely misses you. 😨 HP[-1]
You take 1 damage, and now have 9/28 hp.
You feel sick. The kobold hits you with a +0 club.
* * * LOW HITPOINT WARNING * * *
You see here an adder corpse. 😱 HP[-7]
You take 7 damage, and now have 2/28 hp.
MASSIVE DAMAGE!! (PAUSE) It was a potion of might.
You feel very mighty all of a sudden.
* * * LOW HITPOINT WARNING * * *
You feel sick. The kobold barely misses you. 😱 HP[-1]
You take 1 damage, and now have 1/28 hp.
You punch the kobold!
You kill the kobold!
You die...

Action                   || total
-------------------------++-------
Melee: Unarmed           ||    31
  Use: Potion            ||     1
 Stab: Sleeping          ||     5
Armor: Robe              ||     2
Dodge: Dodged            ||    23

Levels and vault maps discovered:
D:1:      tarquinn_simple_flora_water_f, layout_basic, moated_statue,
          solitary_fountain
D:2:      kennysheep_six_static_rooms, layout_rooms, basic_altar,
          minmay_heptomino_h4, uniq_crazy_yiuf_cottage, uniq_sigmund,
          uniq_terence

Notes
Turn   | Place    | Note
-------+----------+-------------------------------------------
     0 | D:1      | spiderkeys the Naga Monk began the quest for the Orb.
     0 | D:1      | Reached XP level 1. HP: 21/21 MP: 1/1
     0 | D:1      | magus.rc [v1.9.10]
   160 | D:1      | Reached XP level 2. HP: 22/28 MP: 2/2
   315 | D:1      | You fall into a shaft and drop 1 floor!
   327 | D:2      | HP: 7/28 [poisoned by an adder]
   327 | D:2      | HP: 2/28 [kobold/+0 club (5)]
   329 | D:2      | Succumbed to an adder's poison

Vanquished Creatures
  An adder (D:2)
  A giant cockroach (D:1)
  A goblin (D:1)
  A hobgoblin (D:1)
  3 kobolds
  2 ball pythons (D:1)
  A bat (D:1)
  3 rats (D:1)
13 creatures vanquished.

Table legend:
 A = Non-vault XP
 B = Vault XP
 C = Vault XP percentage of total XP
 D = Non-vault monster count
 E = Vault monster count
 F = Vault count percentage of total count
                 A         B        C        D         E       F
            +---------+---------+-------+---------+---------+-------
      Total |      30 |       0 |   0.0 |      13 |       0 |   0.0
            +---------+---------+-------+---------+---------+-------
        D:1 |      15 |       0 |   0.0 |      11 |       0 |   0.0
        D:2 |      15 |       0 |   0.0 |       2 |       0 |   0.0
            +---------+---------+-------+---------+---------+-------

Illustrated notes

Table legend:
 A = Kills in this place as a percentage of kills in entire the game.
 B = Kills by you in this place as a percentage of kills by you in the entire game.
 C = Kills by friends in this place as a percentage of kills by friends in the entire game.
 D = Other kills in this place as a percentage of other kills in the entire game.
 E = Experience gained in this place as a percentage of experience gained in the entire game.
 F = Experience gained in this place divided by the number of levels of this place that you have seen.
                   A       B       C       D       E      F
               +-------+-------+-------+-------+-------+----------------------
         Total | 100.0 | 100.0 |   N/A |   N/A | 100.0 |  15.0
       Dungeon | 100.0 | 100.0 |   N/A |   N/A | 100.0 |  15.0
               +-------+-------+-------+-------+-------+----------------------

Table legend: (Time is in decaauts)
 A = Elapsed time spent in this place.
 B = Non-inter-level travel time spent in this place.
 C = Inter-level travel time spent in this place.
 D = Time resting spent in this place.
 E = Time spent auto-exploring this place.
 F = Levels seen in this place.
 G = Mean time per level.
                   A        B        C        D        E       F      G
               +--------+--------+--------+--------+--------+-----+--------+
         Total |    405 |    405 |      0 |      0 |    312 |   2 |  202.5 |
       Dungeon |    405 |    405 |      0 |      0 |    312 |   2 |  202.5 |
               +--------+--------+--------+--------+--------+-----+--------+

Top non-repeatable levels by time:
     D:1: 389 daAuts
     D:2: 15 daAuts
